 Dungeon Crawl Stone Soup version 0.29.0-4-gdea44cf6ec (webtiles) character file.

Game seed: 7640173631168247098

70970 qw the Warrior (level 14, -1/146 HPs)
             Began as a Minotaur Berserker on Sept 10, 2022.
             Was a Priest of Trog.
             Slain by an eight-headed hydra (8 damage)
             ... on level 13 of the Dungeon.
             The game lasted 00:07:29 (23857 turns).

qw the Warrior (Minotaur Berserker)                Turns: 23857, Time: 00:07:30

Health: -1/146     AC: 26    Str: 27    XL:     14   Next: 96%
Magic:  13/13      EV: 10    Int:  4    God:    Trog [***...]
Gold:   671        SH:  5    Dex: 10    Spells: 13/13 levels left

rFire   . . .      SeeInvis .   m - +0 morningstar
rCold   . . .      Faith    .   (no shield)
rNeg    . . .      Spirit   .   r - +2 plate armour
rPois   .          Reflect  +   s - +2 hat of the Lily {rElec}
rElec   +          Harm     .   h - scarf {repulsion}
rCorr   .          Rampage  .   (no gloves)
Will    +....                   p - +0 pair of boots
Stlth   ..........              v - amulet of reflection
HPRegen 0.34/turn               q - +4 ring of protection
MPRegen 0.13/turn               n - +4 ring of slaying {mikee}

@: about to teleport, on berserk cooldown, slowed, repel missiles, very slow
A: horns 2, retaliatory headbutt
a: Renounce Religion, Berserk, Trog's Hand


You were on level 13 of the Dungeon.
You worshipped Trog.
Trog was most pleased with you.
You visited 2 branches of the dungeon, and saw 18 of its levels.

You collected 1491 gold pieces.
You spent 820 gold pieces at shops.


Innate Abilities, Weirdness & Mutations

You have a pair of horns on your head.
You reflexively headbutt those who attack you in melee.


   Skills:
 - Level 19.0 Fighting
 - Level 18.0 Axes
 - Level 4.3 Throwing
 + Level 16.0 Armour
 - Level 8.0 Dodging


You had 13 spell levels left.
You didn't know any spells.
Your spell library was empty.

Inventory:

Hand Weapons
 m - a +0 morningstar (weapon)
 Y - a +1 vorpal broad axe
Missiles
 j - 11 boomerangs (quivered)
Armour
 g - a +0 cloak
 h - a scarf of repulsion (worn)
 p - a +0 pair of boots (worn)
 r - a +2 plate armour (worn)
 s - the +2 hat of the Lily (worn) {rElec}
   (You found it on level 10 of the Dungeon)

   rElec:     It insulates you from electricity.
Jewellery
 c - a ring of fire
 n - a +4 ring of slaying (right hand) {mikee}
 q - a +4 ring of protection (left hand)
 v - an amulet of reflection (around neck)
 w - a ring of fire
Scrolls
 b - 8 scrolls of identify
 e - 3 scrolls of teleportation
Potions
 d - 6 potions of curing
 f - 2 potions of might
 k - 6 potions of heal wounds
 l - 4 potions of haste

Dungeon Overview and Level Annotations

Branches:
Dungeon (13/15)            Temple (0/1) D:5            Lair (5/5) D:8
  Swamp (0/4) Lair:3       Spider (0/4) Lair:2        Slime (0/5) Lair:4
    Orc (0/2) D:9          Vaults (0/5) D:13

Altars:
Ashenzari
Elyvilon
Ru
Vehumet
Wu Jian
Zin

Shops:
D:5 [=   D:10 =

Portals:
Abyss: D:7

Annotations:
D:7 2 transporters, qw's ghost, novice DsCA
D:9 2 transporters, qw's ghost, novice DsCA
D:11 2 runed translucent doors
Lair:3 1 runed translucent door
Lair:5 2 runed translucent doors


Message History

The vault guard hits your ogre with a +0 great sword!
Something hits your ogre!!
The eight-headed hydra closely misses your ogre.
The eight-headed hydra barely misses your ogre.
The eight-headed hydra bites your ogre!
Your ogre dies!
Your ogre's corpse disappears in a puff of smoke!
You barely miss the vault guard.
23853 ||| Stepping ~*~*~tactically~*~*~ (outnumbered).
The vault guard hits you but does no damage.
The deep elf pyromancer completely misses you.
The vault guard hits you but does no damage.
You impale the vault guard!!
The vault guard is moderately wounded.
The vault guard hits you but does no damage.
The deep elf pyromancer barely misses you.
The raiju bites you but does no damage.
You sock the vault guard!
The vault guard is heavily wounded.
The vault guard hits you with a +0 great sword!!
The deep elf pyromancer casts a spell at you.
The bolt of fire misses you.
You sock the vault guard! Your headbutt misses the vault guard.
The vault guard is severely wounded.
The vault guard hits you with a +0 great sword!!
The deep elf pyromancer barely misses you.
The eight-headed hydra closely misses you.
You furiously retaliate!
You headbutt the eight-headed hydra!!
The eight-headed hydra bites you but does no damage. x2
The eight-headed hydra closely misses you.
The eight-headed hydra bites you. x2
The eight-headed hydra barely misses you.
The eight-headed hydra bites you but does no damage.
You block the vault guard's attack.
The deep elf pyromancer hits you but does no damage.
23857 ||| READING 4 scrolls of teleportation.
As you read the scroll of teleportation, it crumbles to dust.
You feel strangely unstable. The eight-headed hydra bites you! x2
You die...

.............#
#.......##...#####
##.....####......#
##...# ##.....#
###+## ##.....#
#... .# ##......#
.#...#.##......^#
..$...y#D.......#
...\..hpp@......#
......C#e.......#
.#...#.##.......#
#... .# ##..#####
###+## ##.# #...
##.# ..... ##..#
......##...#
....$.^....#


You could see an eight-headed hydra, 2 vault guards, a cyclops, a deep elf
pyromancer, a raiju and a vampire mosquito.

Vanquished Creatures
  Rupert (Lair:5)
  Kirke (D:12)
  A fire dragon (D:12)
  2 vault guards (D:13)
  8 hydras
  A boulder beetle (D:11)
  Erolcha (D:12)
  Erica (D:8)
  3 two-headed ogres
  4 centaur warriors
  5 skeletal warriors (D:12)
  A lindwurm (Lair:5)
  Pikel (D:9)
  A wizard (D:12)
  A deep elf zephyrmancer (D:10)
  4 oklob plants (Lair:4)
  A deep elf pyromancer (D:10)
  4 cyclopes (D:12)
  3 manticores
  2 ugly things (D:12)
  17 elephants
  5 black mambas
  2 molten gargoyles (Lair:5)
  4 gargoyles
  9 cane toads
  Psyche (D:10)
  Maggie (D:9)
  5 komodo dragons
  A meliai (D:13)
  2 polar bears (Lair:5)
  2 trolls
  2 dream sheep
  20 blink frogs
  3 slime creatures
  A shadow (D:13)
  4 wyverns
  52 yaks
  4 hogs (D:12)
  4 steam dragons
  3 vampire mosquitoes (Lair:3)
  5 basilisks
  5 hell hounds
  16 water moccasins
  2 acid dragons
  Duvessa (D:6)
  2 ice beasts
  A swamp drake (D:10)
  5 black bears
  6 orc warriors
  An ogre (D:5)
  9 centaurs
  47 wolves
  4 lemures (D:9)
  2 phantoms (D:6)
  3 kobold brigands
  2 necrophages
  18 bullfrogs
  6 scorpions
  8 wights
  Dowan (D:6)
  10 killer bees
  An electric eel (D:8)
  7 howler monkeys
  A crimson imp (D:10)
  3 lava snakes (Lair:5)
  8 hounds
  A jelly (D:6)
  A gnoll bouda (D:7)
  12 orc priests
  An iron imp (D:10)
  An iguana (D:7)
  11 orc wizards
  A statue (D:3)
  10 gnolls
  10 adders
  3 shadow imps
  3 white imps
  An ufetubus (D:6)
  3 worms
  3 dart slugs
  77 orcs
  5 bats
  10 endoplasms
  9 giant cockroaches
  4 goblins
  10 hobgoblins
  3 jackals (D:5)
  2 quokkas
  18 ball pythons
  3 frilled lizards
  19 kobolds
  7 rats
590 creatures vanquished.

Vanquished Creatures (collateral kills)
  3 hydras
  7 slime creatures (D:12)
  A wyvern (Lair:5)
  A hog (D:12)
  A vampire (D:12)
13 creatures vanquished.

Vanquished Creatures (others)
  A vampire (D:12)
  A water elemental (D:11)
  2 humans (D:12)
  2 orcs (D:10)
  15 fungi
  28 plants
49 creatures vanquished.

Grand Total: 652 creatures vanquished

Notes
Turn   | Place    | Note
-------+----------+-------------------------------------------
     0 | D:1      | qw the Minotaur Berserker began the quest for the Orb.
     0 | D:1      | Reached XP level 1. HP: 19/19 MP: 0/0
     0 | D:1      | 0 ||| qw: Version: 0.1-a-116-g5d60599
     0 | D:1      | 0 ||| qw: Game counter: 7438
     0 | D:1      | 0 ||| qw: Always use a shield: true
     0 | D:1      | 0 ||| qw: Do Orc after D:15 true
     0 | D:1      | 0 ||| qw: Do second Lair branch before Depths: true
     0 | D:1      | 0 ||| qw: Lair rune preference: random
     0 | D:1      | 0 ||| qw: Plans: Normal
     0 | D:1      | 0 ||| PLANNING D:1-11
   268 | D:1      | Reached XP level 2. HP: 26/26 MP: 1/1
   330 | D:1      | 330 ||| Stepping ~*~*~tactically~*~*~ (stealth).
  1107 | D:1      | Reached XP level 3. HP: 31/31 MP: 2/2
  1276 | D:1      | 1276 ||| UPGRADING to +0 leather armour.
  1286 | D:1      | 1286 ||| DROPPING +0 animal skin.
  1287 | D:1      | 1287 ||| UPGRADING to scarf of repulsion.
  1292 | D:1      | 1292 ||| READING 3 scrolls labelled DARUDO OCHO.
  1293 | D:1      | 1293 ||| READING scroll labelled IHEHIA JOCVE.
  1294 | D:1      | 1294 ||| DROPPING 2 scrolls of amnesia.
  1343 | D:2      | 1343 ||| INVOKING Berserk.
  1628 | D:2      | Found a glowing silver altar of Zin.
  1663 | D:2      | 1663 ||| DROPPING +0 club.
  1682 | D:2      | Reached ** piety under Trog
  2557 | D:2      | 2557 ||| UPGRADING to +0 ring mail.
  2567 | D:2      | 2567 ||| DROPPING +0 leather armour.
  2568 | D:2      | 2568 ||| UPGRADING to +0 chain mail.
  2578 | D:2      | 2578 ||| DROPPING +0 ring mail.
  2579 | D:2      | 2579 ||| READING 2 scrolls labelled OKKOMA PEODUE.
  2580 | D:2      | 2580 ||| READING 3 scrolls labelled VUL GEINAAFOI.
  2581 | D:2      | 2581 ||| READING 2 scrolls labelled RENULU ANEEVAUMI.
  2582 | D:2      | 2582 ||| READING scroll labelled TOUPTI CUANKAU.
  2583 | D:2      | 2583 ||| READING scroll labelled UPOIGHALUSH.
  2588 | D:2      | 2588 ||| READING 2 scrolls of identify.
  2588 | D:2      | 2588 ||| IDENTIFYING bubbling green potion
  2589 | D:2      | 2589 ||| DROPPING scroll of fog.
  2590 | D:2      | 2590 ||| DROPPING scroll of summoning.
  2694 | D:3      | Found a radiant altar of Vehumet.
  2694 | D:3      | Noticed a charred statue
  2700 | D:3      | 2700 ||| INVOKING Berserk.
  2706 | D:3      | Killed a charred statue
  2707 | D:3      | Reached skill level 6 in Axes
  2707 | D:3      | Reached XP level 4. HP: 39/39 MP: 3/3
  2831 | D:3      | 2831 ||| Stepping ~*~*~tactically~*~*~ (hiding).
  3095 | D:3      | 3095 ||| INVOKING Berserk.
  3105 | D:3      | Reached skill level 1 in Throwing
  3117 | D:3      | 3117 ||| Stepping ~*~*~tactically~*~*~ (stealth).
  3118 | D:3      | 3118 ||| Stepping ~*~*~tactically~*~*~ (stealth).
  3120 | D:3      | 3120 ||| Stepping ~*~*~tactically~*~*~ (stealth).
  3348 | D:3      | 3348 ||| Stepping ~*~*~tactically~*~*~ (stealth).
  3351 | D:3      | Reached XP level 5. HP: 44/45 MP: 4/4
  3504 | D:3      | Found a faded altar of an unknown god.
  3602 | D:3      | Reached skill level 4 in Fighting
  3861 | D:3      | 3861 ||| DROPPING scarf of invisibility.
  3862 | D:3      | 3862 ||| UPGRADING to amulet of guardian spirit.
  3867 | D:3      | 3867 ||| READING scroll labelled UPTEIWETHUO.
  3868 | D:3      | 3868 ||| DRINKING 2 fizzy golden potions.
  3973 | D:4      | 3973 ||| Stepping ~*~*~tactically~*~*~ (stealth).
  3992 | D:4      | Noticed a black bear
  3995 | D:4      | 3995 ||| INVOKING Berserk.
  3998 | D:4      | Killed a black bear
  3999 | D:4      | Reached XP level 6. HP: 52/52 MP: 5/5
  4177 | D:4      | 4177 ||| Stepping ~*~*~tactically~*~*~ (stealth).
  4258 | D:4      | Reached *** piety under Trog
  4564 | D:4      | 4564 ||| UPGRADING to +0 plate armour.
  4574 | D:4      | 4574 ||| DROPPING +0 chain mail.
  4575 | D:4      | 4575 ||| UPGRADING to +4 ring of protection.
  4576 | D:4      | 4576 ||| DRINKING 2 smoky amethyst potions.
  4607 | D:5      | Entered Level 5 of the Dungeon
  4626 | D:5      | Found Miosh's Jewellery Shop.
  4634 | D:5      | 4634 ||| SHOPLISTING +4 ring of protection (468 gold, have
                  | 255).
  4634 | D:5      | 4634 ||| SHOPLISTING +6 ring of strength (468 gold, have
                  | 255).
  4634 | D:5      | 4634 ||| SHOPLISTING amulet of regeneration (390 gold, have
                  | 255).
  4634 | D:5      | 4634 ||| SHOPLISTING ring of ice (325 gold, have 255).
  4634 | D:5      | 4634 ||| SHOPLISTING ring of protection from cold (325
                  | gold, have 255).
  4634 | D:5      | 4634 ||| SHOPLISTING ring of resist corrosion (260 gold,
                  | have 255).
  4634 | D:5      | 4634 ||| SHOPLISTING ring of willpower (325 gold, have
                  | 255).
  4679 | D:5      | 4679 ||| Stepping ~*~*~tactically~*~*~ (stealth).
  4680 | D:5      | 4680 ||| Stepping ~*~*~tactically~*~*~ (stealth).
  4687 | D:5      | Found a staircase to the Ecumenical Temple.
  4691 | D:5      | 4691 ||| Stepping ~*~*~tactically~*~*~ (stealth).
  4702 | D:5      | 4702 ||| READING scroll of enchant weapon.
  4702 | D:5      | 4702 ||| ENCHANTING +1 hand axe.
  4731 | D:5      | 4731 ||| Stepping ~*~*~tactically~*~*~ (hiding).
  4740 | D:5      | 4740 ||| INVOKING Berserk.
  4744 | D:5      | Reached XP level 7. HP: 59/59 MP: 6/6
  4750 | D:5      | Reached skill level 9 in Axes
  4887 | D:5      | 4887 ||| Stepping ~*~*~tactically~*~*~ (stealth).
  4888 | D:5      | 4888 ||| Stepping ~*~*~tactically~*~*~ (stealth).
  4889 | D:5      | 4889 ||| Stepping ~*~*~tactically~*~*~ (stealth).
  4896 | D:5      | 4896 ||| Stepping ~*~*~tactically~*~*~ (hiding).
  4900 | D:5      | 4900 ||| INVOKING Berserk.
  5056 | D:5      | Reached skill level 5 in Fighting
  5186 | D:5      | 5186 ||| Stepping ~*~*~tactically~*~*~ (stealth).
  5189 | D:5      | 5189 ||| INVOKING Berserk.
  5207 | D:5      | 5207 ||| Stepping ~*~*~tactically~*~*~ (stealth).
  5257 | D:5      | 5257 ||| Stepping ~*~*~tactically~*~*~ (stealth).
  5298 | D:5      | 5298 ||| Stepping ~*~*~tactically~*~*~ (hiding).
  5400 | D:5      | 5400 ||| INVOKING Berserk.
  5641 | D:5      | Found Juopnum's Antique Armour Shop.
  5646 | D:5      | 5646 ||| SHOPLISTING glowing plate armour (520 gold, have
                  | 363).
  5646 | D:5      | 5646 ||| BUYING runed scarf (160 gold).
  5646 | D:5      | Bought a runed scarf for 160 gold pieces
  5749 | D:5      | 5749 ||| DROPPING scarf of harm.
  5750 | D:5      | 5750 ||| READING scroll labelled WOSI RUUNKISUKK.
  5751 | D:5      | 5751 ||| READING scroll labelled CEOGGE ROTOZ.
  5752 | D:5      | 5752 ||| READING scroll labelled VOOFYSE VUHOZI.
  5853 | D:5      | 5853 ||| READING 2 scrolls of identify.
  5853 | D:5      | 5853 ||| IDENTIFYING puce potion
  5854 | D:5      | 5854 ||| DROPPING potion of magic.
  5904 | D:6      | 5904 ||| Stepping ~*~*~tactically~*~*~ (stealth).
  5915 | D:6      | Reached XP level 8. HP: 70/70 MP: 7/7
  5938 | D:6      | 5938 ||| Stepping ~*~*~tactically~*~*~ (stealth).
  5950 | D:6      | 5950 ||| INVOKING Berserk.
  5952 | D:6      | Reached skill level 6 in Fighting
  6260 | D:6      | 6260 ||| INVOKING Berserk.
  6370 | D:6      | 6370 ||| READING scroll of enchant weapon.
  6370 | D:6      | 6370 ||| ENCHANTING +2 hand axe.
  6506 | D:6      | 6506 ||| INVOKING Berserk.
  6522 | D:6      | Reached **** piety under Trog
  6523 | D:6      | Reached skill level 12 in Axes
  6545 | D:6      | HP: 11/71 [orc priest/divine providence (14)]
  6546 | D:6      | 6546 ||| READING 2 scrolls of teleportation.
  6546 | D:6      | HP: 2/71 [orc priest/divine providence (9)]
  6547 | D:6      | 6547 ||| DRINKING 2 potions of heal wounds.
  6808 | D:6      | 6808 ||| SWAPPING to +0 war axe.
  6809 | D:6      | 6809 ||| DROPPING +3 hand axe.
  6810 | D:6      | 6810 ||| READING scroll of enchant armour.
  6810 | D:6      | 6810 ||| ENCHANTING +0 plate armour.
  6824 | D:6      | 6824 ||| READING scroll of enchant weapon.
  6824 | D:6      | 6824 ||| ENCHANTING +0 war axe.
  6846 | D:6      | 6846 ||| Stepping ~*~*~tactically~*~*~ (stealth).
  6849 | D:6      | Noticed Duvessa
  6850 | D:6      | 6850 ||| INVOKING Berserk.
  6851 | D:6      | Noticed Dowan
  6854 | D:6      | Reached XP level 9. HP: 78/78 MP: 8/8
  6856 | D:6      | Killed Dowan
  6857 | D:6      | Reached skill level 7 in Fighting
  6861 | D:6      | Killed Duvessa
  7133 | D:6      | 7133 ||| Stepping ~*~*~tactically~*~*~ (hiding).
  7134 | D:6      | 7134 ||| Stepping ~*~*~tactically~*~*~ (hiding).
  7137 | D:6      | 7137 ||| INVOKING Berserk.
  7320 | D:6      | 7320 ||| UPGRADING to +4 ring of slaying {mikee}.
  7321 | D:6      | 7321 ||| READING 5 scrolls of identify.
  7321 | D:6      | 7321 ||| IDENTIFYING fuming silvery potion
  7322 | D:6      | 7322 ||| READING 4 scrolls of identify.
  7322 | D:6      | 7322 ||| IDENTIFYING red potion
  7323 | D:6      | 7323 ||| READING 3 scrolls of identify.
  7323 | D:6      | 7323 ||| IDENTIFYING metallic ruby potion
  7324 | D:6      | 7324 ||| READING 2 scrolls of identify.
  7324 | D:6      | 7324 ||| IDENTIFYING viscous dark potion
  7325 | D:6      | 7325 ||| DROPPING potion of flight.
  7326 | D:6      | 7326 ||| DROPPING potion of degeneration.
  7327 | D:6      | 7327 ||| DROPPING potion of attraction.
  7328 | D:6      | 7328 ||| DROPPING potion of brilliance.
  7453 | D:7      | Found a transporter.
  7471 | D:7      | 7471 ||| Stepping ~*~*~tactically~*~*~ (stealth).
  7731 | D:7      | 7731 ||| INVOKING Berserk.
  7872 | D:7      | 7872 ||| INVOKING Berserk.
  8025 | D:7      | 8025 ||| Stepping ~*~*~tactically~*~*~ (hiding).
  8027 | D:7      | 8027 ||| Stepping ~*~*~tactically~*~*~ (hiding).
  8028 | D:7      | 8028 ||| Stepping ~*~*~tactically~*~*~ (hiding).
  8029 | D:7      | 8029 ||| Stepping ~*~*~tactically~*~*~ (hiding).
  8033 | D:7      | Reached skill level 3 in Throwing
  8036 | D:7      | Reached skill level 6 in Armour
  8165 | D:7      | Reached skill level 8 in Fighting
  8172 | D:7      | 8172 ||| SWAPPING to +3 war axe.
  8173 | D:7      | 8173 ||| DROPPING +1 war axe.
  8177 | D:7      | 8177 ||| Stepping ~*~*~tactically~*~*~ (hiding).
  8178 | D:7      | 8178 ||| Stepping ~*~*~tactically~*~*~ (hiding).
  8232 | D:7      | Found a transporter.
  8255 | D:7      | Noticed an ancient zyme
  8266 | D:7      | Found a one-way gate to the infinite horrors of the Abyss.
  8266 | D:7      | Noticed qw's ghost (novice DsCA)
  8533 | D:7      | 8533 ||| READING scroll labelled ADEC VETOEWNI.
  8534 | D:7      | 8534 ||| READING 2 scrolls of identify.
  8534 | D:7      | 8534 ||| IDENTIFYING bubbling cyan potion
  8562 | D:8      | 8562 ||| Stepping ~*~*~tactically~*~*~ (stealth).
  8564 | D:8      | 8564 ||| Stepping ~*~*~tactically~*~*~ (hiding).
  8565 | D:8      | 8565 ||| Stepping ~*~*~tactically~*~*~ (stealth).
  8571 | D:8      | 8571 ||| INVOKING Berserk.
  8654 | D:8      | 8654 ||| Stepping ~*~*~tactically~*~*~ (stealth).
  8655 | D:8      | 8655 ||| Stepping ~*~*~tactically~*~*~ (stealth).
  8669 | D:8      | 8669 ||| Stepping ~*~*~tactically~*~*~ (hiding).
  8671 | D:8      | 8671 ||| INVOKING Berserk.
  8813 | D:8      | Found a staircase to the Lair.
  8814 | D:8      | 8814 ||| INVOKING Berserk.
  8820 | D:8      | 8820 ||| Stepping ~*~*~tactically~*~*~ (water).
  8841 | D:8      | Noticed a troll
  8848 | D:8      | 8848 ||| Stepping ~*~*~tactically~*~*~ (water).
  8849 | D:8      | 8849 ||| INVOKING Berserk.
  8851 | D:8      | Killed a troll
  8852 | D:8      | Reached XP level 10. HP: 43/88 MP: 4/9
  9076 | D:8      | Noticed a two-headed ogre
  9082 | D:8      | 9082 ||| INVOKING Berserk.
  9083 | D:8      | Killed a two-headed ogre
  9084 | D:8      | Reached skill level 15 in Axes
  9208 | D:8      | Identified the +7 short sword of Corruption {vorpal, Contam
                  | +Blink Str+6}
  9289 | D:8      | Noticed Erica
  9291 | D:8      | 9291 ||| INVOKING Berserk.
  9298 | D:8      | Killed Erica
  9299 | D:8      | Reached skill level 9 in Fighting
  9369 | D:8      | 9369 ||| FLEEEEING.
  9441 | D:8      | 9441 ||| Stepping ~*~*~tactically~*~*~ (hiding).
  9461 | D:8      | Reached skill level 3 in Dodging
  9470 | D:8      | 9470 ||| FLEEEEING.
  9471 | D:8      | 9471 ||| FLEEEEING.
  9475 | D:8      | 9475 ||| STAIRDANCE
  9525 | D:8      | 9525 ||| STAIRDANCE
  9702 | D:8      | Found a sacrificial altar of Ru.
  9840 | D:8      | 9840 ||| PLANNING LAIR
  9840 | D:8      | 9840 ||| READING 2 scrolls of identify.
  9840 | D:8      | 9840 ||| IDENTIFYING fuming black potion
  9849 | Lair:1   | Entered Level 1 of the Lair of Beasts
  9855 | Lair:1   | Noticed a cane toad
  9860 | Lair:1   | 9860 ||| INVOKING Berserk.
  9864 | Lair:1   | Killed a cane toad
 10000 | Lair:1   | Noticed a black mamba
 10003 | Lair:1   | 10003 ||| INVOKING Berserk.
 10008 | Lair:1   | Killed a black mamba
 10037 | Lair:1   | 10037 ||| Stepping ~*~*~tactically~*~*~ (stealth).
 10141 | Lair:1   | 10141 ||| Stepping ~*~*~tactically~*~*~ (stealth).
 10382 | Lair:1   | Noticed an elephant
 10382 | Lair:1   | Noticed an elephant
 10383 | Lair:1   | Noticed an elephant
 10386 | Lair:1   | Noticed an elephant
 10389 | Lair:1   | Killed an elephant
 10390 | Lair:1   | Reached skill level 10 in Fighting
 10395 | Lair:1   | Killed an elephant
 10396 | Lair:1   | Reached XP level 11. HP: 84/100 MP: 7/10
 10407 | Lair:1   | 10407 ||| INVOKING Berserk.
 10649 | Lair:1   | 10649 ||| INVOKING Berserk.
 10978 | Lair:1   | 10978 ||| INVOKING Berserk.
 11107 | Lair:1   | 11107 ||| INVOKING Berserk.
 11111 | Lair:1   | Reached skill level 11 in Fighting
 11341 | Lair:1   | 11341 ||| Stepping ~*~*~tactically~*~*~ (stealth).
 11529 | Lair:2   | 11529 ||| Stepping ~*~*~tactically~*~*~ (stealth).
 11531 | Lair:2   | 11531 ||| Stepping ~*~*~tactically~*~*~ (stealth).
 11540 | Lair:2   | Reached skill level 9 in Armour
 11617 | Lair:2   | 11617 ||| READING scroll of enchant weapon.
 11617 | Lair:2   | 11617 ||| ENCHANTING +3 war axe.
 11753 | Lair:2   | 11753 ||| Stepping ~*~*~tactically~*~*~ (stealth).
 11754 | Lair:2   | 11754 ||| Stepping ~*~*~tactically~*~*~ (stealth).
 11755 | Lair:2   | 11755 ||| Stepping ~*~*~tactically~*~*~ (stealth).
 11785 | Lair:2   | 11785 ||| Stepping ~*~*~tactically~*~*~ (stealth).
 11786 | Lair:2   | 11786 ||| Stepping ~*~*~tactically~*~*~ (stealth).
 11787 | Lair:2   | 11787 ||| Stepping ~*~*~tactically~*~*~ (stealth).
 11790 | Lair:2   | 11790 ||| Stepping ~*~*~tactically~*~*~ (stealth).
 11792 | Lair:2   | 11792 ||| INVOKING Berserk.
 11809 | Lair:2   | Reached skill level 12 in Fighting
 11882 | Lair:2   | Noticed a six-headed hydra
 11883 | Lair:2   | 11883 ||| INVOKING Brothers in Arms.
 11884 | Lair:2   | 11884 ||| INVOKING Brothers in Arms.
 11886 | Lair:2   | 11886 ||| SWAPPING to +0 flail.
 11887 | Lair:2   | 11887 ||| INVOKING Berserk.
 11888 | Lair:2   | Killed a six-headed hydra
 11894 | Lair:2   | 11894 ||| SWAPPING to +4 war axe.
 12180 | Lair:2   | 12180 ||| INVOKING Berserk.
 12201 | Lair:2   | 12201 ||| FLEEEEING.
 12202 | Lair:2   | 12202 ||| FLEEEEING.
 12208 | Lair:2   | 12208 ||| STAIRDANCE
 12579 | Lair:2   | 12579 ||| INVOKING Berserk.
 12721 | Lair:2   | Found a hole to the Spider Nest.
 13188 | Lair:3   | Reached skill level 13 in Fighting
 13220 | Lair:3   | Found a staircase to the Swamp.
 13247 | Lair:3   | Reached XP level 12. HP: 107/115 MP: 9/11
 13293 | Lair:3   | 13293 ||| Stepping ~*~*~tactically~*~*~ (water).
 13412 | Lair:3   | Noticed a four-headed hydra
 13413 | Lair:3   | 13413 ||| INVOKING Brothers in Arms.
 13416 | Lair:3   | 13416 ||| INVOKING Berserk.
 13423 | Lair:3   | Killed an eight-headed hydra
 13515 | Lair:3   | Found a dark tunnel.
 13708 | Lair:3   | 13708 ||| Stepping ~*~*~tactically~*~*~ (stealth).
 13711 | Lair:3   | 13711 ||| Stepping ~*~*~tactically~*~*~ (stealth).
 13715 | Lair:3   | 13715 ||| Stepping ~*~*~tactically~*~*~ (stealth).
 13776 | Lair:3   | Noticed a six-headed hydra
 13777 | Lair:3   | 13777 ||| INVOKING Brothers in Arms.
 13778 | Lair:3   | 13778 ||| INVOKING Brothers in Arms.
 13780 | Lair:3   | 13780 ||| SWAPPING to +0 flail.
 13781 | Lair:3   | 13781 ||| INVOKING Berserk.
 13781 | Lair:3   | Killed a six-headed hydra
 13787 | Lair:3   | 13787 ||| SWAPPING to +4 war axe.
 13893 | Lair:3   | Found a runed translucent door.
 14073 | Lair:3   | 14073 ||| INVOKING Berserk.
 14210 | Lair:3   | 14210 ||| INVOKING Berserk.
 14212 | Lair:3   | Reached skill level 14 in Fighting
 14516 | Lair:3   | Noticed a five-headed hydra
 14522 | Lair:3   | 14522 ||| SWAPPING to +0 flail.
 14523 | Lair:3   | 14523 ||| INVOKING Berserk.
 14526 | Lair:3   | Killed a five-headed hydra
 14545 | Lair:3   | 14545 ||| SWAPPING to +4 war axe.
 14875 | Lair:3   | 14875 ||| DROPPING +6 ring of strength.
 14876 | Lair:3   | 14876 ||| READING scroll labelled PONGIN HAOCW.
 15057 | Lair:3   | 15057 ||| READING 2 scrolls of identify.
 15057 | Lair:3   | 15057 ||| IDENTIFYING inky potion
 15058 | Lair:3   | 15058 ||| DROPPING potion of invisibility.
 15070 | Lair:4   | 15070 ||| Stepping ~*~*~tactically~*~*~ (stealth).
 15071 | Lair:4   | 15071 ||| Stepping ~*~*~tactically~*~*~ (stealth).
 15072 | Lair:4   | 15072 ||| Stepping ~*~*~tactically~*~*~ (stealth).
 15073 | Lair:4   | 15073 ||| INVOKING Berserk.
 15076 | Lair:4   | Reached skill level 15 in Fighting
 15092 | Lair:4   | Reached skill level 12 in Armour
 15096 | Lair:4   | 15096 ||| FLEEEEING.
 15097 | Lair:4   | 15097 ||| STAIRDANCE
 15291 | Lair:4   | Reached skill level 6 in Dodging
 15291 | Lair:4   | 15291 ||| FLEEEEING.
 15292 | Lair:4   | 15292 ||| FLEEEEING.
 15323 | Lair:4   | 15323 ||| Stepping ~*~*~tactically~*~*~ (stealth).
 15396 | Lair:4   | Noticed a four-headed hydra
 15398 | Lair:4   | 15398 ||| INVOKING Brothers in Arms.
 15399 | Lair:4   | 15399 ||| SWAPPING to +0 flail.
 15400 | Lair:4   | 15400 ||| INVOKING Berserk.
 15402 | Lair:4   | Killed a four-headed hydra
 15409 | Lair:4   | 15409 ||| SWAPPING to +4 war axe.
 15492 | Lair:4   | Noticed a five-headed hydra
 15494 | Lair:4   | 15494 ||| SWAPPING to +0 flail.
 15496 | Lair:4   | 15496 ||| INVOKING Berserk.
 15502 | Lair:4   | Killed a five-headed hydra
 15535 | Lair:4   | 15535 ||| SWAPPING to +4 war axe.
 15710 | Lair:4   | 15710 ||| READING scroll of enchant armour.
 15710 | Lair:4   | 15710 ||| ENCHANTING +1 plate armour.
 15778 | Lair:4   | Noticed a five-headed hydra
 15779 | Lair:4   | 15779 ||| SWAPPING to +0 flail.
 15780 | Lair:4   | 15780 ||| INVOKING Berserk.
 15782 | Lair:4   | Killed a five-headed hydra
 15796 | Lair:4   | 15796 ||| SWAPPING to +4 war axe.
 15805 | Lair:4   | 15805 ||| Stepping ~*~*~tactically~*~*~ (stealth).
 15938 | Lair:4   | 15938 ||| Stepping ~*~*~tactically~*~*~ (stealth).
 15948 | Lair:4   | Reached skill level 16 in Fighting
 15948 | Lair:4   | Reached XP level 13. HP: 128/128 MP: 12/12
 15997 | Lair:4   | Found a white marble altar of Elyvilon.
 16020 | Lair:4   | Found a staircase to the Slime Pits.
 16023 | Lair:4   | 16023 ||| INVOKING Berserk.
 16256 | Lair:4   | 16256 ||| INVOKING Berserk.
 16485 | Lair:4   | 16485 ||| UPGRADING to +0 pair of boots.
 16490 | Lair:4   | 16490 ||| READING scroll labelled TYUKKOIPIR.
 16491 | Lair:4   | 16491 ||| READING scroll labelled VOSOABB HAROQA.
 16500 | Lair:5   | Entered Level 5 of the Lair of Beasts
 16935 | Lair:5   | 16935 ||| Stepping ~*~*~tactically~*~*~ (stealth).
 16937 | Lair:5   | 16937 ||| Stepping ~*~*~tactically~*~*~ (stealth).
 16938 | Lair:5   | 16938 ||| Stepping ~*~*~tactically~*~*~ (stealth).
 16940 | Lair:5   | 16940 ||| Stepping ~*~*~tactically~*~*~ (stealth).
 16968 | Lair:5   | Noticed Rupert
 16968 | Lair:5   | 16968 ||| INVOKING Trog's Hand.
 16990 | Lair:5   | 16990 ||| INVOKING Trog's Hand.
 16991 | Lair:5   | 16991 ||| INVOKING Berserk.
 17002 | Lair:5   | Killed Rupert
 17023 | Lair:5   | HP: 32/130 [polar bear (2)]
 17024 | Lair:5   | 17024 ||| READING 5 scrolls of teleportation.
 17025 | Lair:5   | 17025 ||| DRINKING 5 potions of heal wounds.
 17287 | Lair:5   | 17287 ||| Stepping ~*~*~tactically~*~*~ (stealth).
 17288 | Lair:5   | 17288 ||| Stepping ~*~*~tactically~*~*~ (stealth).
 17330 | Lair:5   | 17330 ||| INVOKING Berserk.
 17413 | Lair:5   | Reached skill level 17 in Fighting
 17456 | Lair:5   | 17456 ||| Stepping ~*~*~tactically~*~*~ (stealth).
 17472 | Lair:5   | 17472 ||| Stepping ~*~*~tactically~*~*~ (stealth).
 17540 | Lair:5   | 17540 ||| SWAPPING to +0 broad axe.
 17541 | Lair:5   | 17541 ||| DROPPING +4 war axe.
 17668 | Lair:5   | Reached ***** piety under Trog
 17876 | Lair:5   | 17876 ||| Stepping ~*~*~tactically~*~*~ (stealth).
 17966 | Lair:5   | 17966 ||| Stepping ~*~*~tactically~*~*~ (hiding).
 17978 | Lair:5   | 17978 ||| INVOKING Brothers in Arms.
 17979 | Lair:5   | 17979 ||| SWAPPING to +0 flail.
 17980 | Lair:5   | 17980 ||| INVOKING Berserk.
 17992 | Lair:5   | 17992 ||| SWAPPING to +0 broad axe.
 18040 | Lair:5   | 18040 ||| INVOKING Brothers in Arms.
 18042 | Lair:5   | 18042 ||| SWAPPING to +0 flail.
 18043 | Lair:5   | 18043 ||| INVOKING Berserk.
 18053 | Lair:5   | 18053 ||| SWAPPING to +0 broad axe.
 18171 | Lair:5   | 18171 ||| INVOKING Berserk.
 18286 | Lair:5   | 18286 ||| Stepping ~*~*~tactically~*~*~ (hiding).
 18345 | Lair:5   | 18345 ||| DRINKING potion of cancellation.
 18370 | Lair:5   | 18370 ||| Stepping ~*~*~tactically~*~*~ (stealth).
 18385 | Lair:5   | 18385 ||| FLEEEEING.
 18393 | Lair:5   | 18393 ||| INVOKING Berserk.
 18405 | Lair:5   | 18405 ||| FLEEEEING.
 18430 | Lair:5   | 18430 ||| FLEEEEING.
 18432 | Lair:5   | 18432 ||| FLEEEEING.
 18521 | Lair:5   | 18521 ||| DROPPING +0 flail.
 18530 | Lair:5   | Found a large runed translucent door.
 18530 | Lair:5   | Found a large runed translucent door.
 18533 | Lair:5   | 18533 ||| Stepping ~*~*~tactically~*~*~ (hiding).
 18541 | Lair:5   | 18541 ||| INVOKING Berserk.
 18810 | Lair:5   | Noticed a fire dragon
 18907 | Lair:5   | 18907 ||| PLANNING D:1-11
 18907 | Lair:5   | 18907 ||| READING 2 scrolls of identify.
 18907 | Lair:5   | 18907 ||| IDENTIFYING metallic golden potion
 18908 | Lair:5   | 18908 ||| DROPPING potion of lignification.
 19119 | D:9      | 19119 ||| Stepping ~*~*~tactically~*~*~ (stealth).
 19129 | D:9      | 19129 ||| Stepping ~*~*~tactically~*~*~ (stealth).
 19144 | D:9      | 19144 ||| Stepping ~*~*~tactically~*~*~ (stealth).
 19146 | D:9      | 19146 ||| Stepping ~*~*~tactically~*~*~ (stealth).
 19197 | D:9      | Noticed Maggie
 19197 | D:9      | Noticed Pikel
 19198 | D:9      | 19198 ||| Stepping ~*~*~tactically~*~*~ (stealth).
 19205 | D:9      | Killed Maggie
 19206 | D:9      | Reached XP level 14. HP: 137/140 MP: 11/13
 19213 | D:9      | Killed Pikel
 19251 | D:9      | 19251 ||| Stepping ~*~*~tactically~*~*~ (hiding).
 19259 | D:9      | 19259 ||| DRINKING 6 potions of curing.
 19259 | D:9      | 19259 ||| (to cure confusion)
 19265 | D:9      | 19265 ||| Stepping ~*~*~tactically~*~*~ (stealth).
 19300 | D:9      | Found a staircase to the Orcish Mines.
 19325 | D:9      | 19325 ||| Stepping ~*~*~tactically~*~*~ (hiding).
 19367 | D:9      | Found a transporter.
 19374 | D:9      | 19374 ||| Stepping ~*~*~tactically~*~*~ (stealth).
 19377 | D:9      | 19377 ||| Stepping ~*~*~tactically~*~*~ (stealth).
 19390 | D:9      | Reached skill level 18 in Axes
 19391 | D:9      | Noticed qw's ghost (novice DsCA)
 19404 | D:9      | Found a transporter.
 19450 | D:9      | 19450 ||| Stepping ~*~*~tactically~*~*~ (hiding).
 19451 | D:9      | 19451 ||| Stepping ~*~*~tactically~*~*~ (hiding).
 19458 | D:9      | 19458 ||| Stepping ~*~*~tactically~*~*~ (cloud).
 19504 | D:9      | 19504 ||| Stepping ~*~*~tactically~*~*~ (hiding).
 19505 | D:9      | 19505 ||| Stepping ~*~*~tactically~*~*~ (hiding).
 19929 | D:9      | 19929 ||| DROPPING +4 ring of evasion.
 19930 | D:9      | 19930 ||| READING scroll labelled JANANOO NAWA.
 19931 | D:9      | 19931 ||| READING 4 scrolls of teleportation.
 19974 | D:10     | Entered Level 10 of the Dungeon
 20013 | D:10     | 20013 ||| Stepping ~*~*~tactically~*~*~ (stealth).
 20014 | D:10     | 20014 ||| Stepping ~*~*~tactically~*~*~ (stealth).
 20015 | D:10     | 20015 ||| Stepping ~*~*~tactically~*~*~ (stealth).
 20018 | D:10     | 20018 ||| Stepping ~*~*~tactically~*~*~ (hiding).
 20058 | D:10     | 20058 ||| Stepping ~*~*~tactically~*~*~ (stealth).
 20061 | D:10     | 20061 ||| Stepping ~*~*~tactically~*~*~ (stealth).
 20078 | D:10     | 20078 ||| Stepping ~*~*~tactically~*~*~ (hiding).
 20079 | D:10     | 20079 ||| Stepping ~*~*~tactically~*~*~ (hiding).
 20188 | D:10     | 20188 ||| READING scroll of enchant weapon.
 20188 | D:10     | 20188 ||| ENCHANTING +0 broad axe.
 20286 | D:10     | 20286 ||| DRINKING potion of resistance.
 20341 | D:10     | Identified the +2 hat of the Lily {rElec}
 20341 | D:10     | Identified the +2 robe "Liacenka" {rC+ rN+}
 20439 | D:10     | Found a broken altar of Ashenzari.
 20441 | D:10     | Noticed Psyche
 20448 | D:10     | Killed Psyche
 20500 | D:10     | 20500 ||| Stepping ~*~*~tactically~*~*~ (hiding).
 20501 | D:10     | 20501 ||| Stepping ~*~*~tactically~*~*~ (hiding).
 20502 | D:10     | 20502 ||| Stepping ~*~*~tactically~*~*~ (hiding).
 20536 | D:10     | 20536 ||| Stepping ~*~*~tactically~*~*~ (stealth).
 20612 | D:10     | Found Suufeve's Jewellery Shoppe.
 20625 | D:10     | 20625 ||| BUYING amulet of reflection (360 gold).
 20625 | D:10     | Bought an amulet of reflection for 360 gold pieces
 20625 | D:10     | 20625 ||| BUYING ring of fire (300 gold).
 20625 | D:10     | Bought a ring of fire for 300 gold pieces
 20898 | D:10     | Found an ornate altar of the Wu Jian Council.
 20953 | D:10     | 20953 ||| UPGRADING to +2 hat.
 20958 | D:10     | 20958 ||| DROPPING +0 hat of intelligence.
 20959 | D:10     | 20959 ||| UPGRADING to +2 hat of the Lily {rElec}.
 20969 | D:10     | 20969 ||| DROPPING +2 hat.
 20970 | D:10     | 20970 ||| DROPPING +2 hat.
 20971 | D:10     | 20971 ||| UPGRADING to amulet of reflection.
 20981 | D:10     | 20981 ||| DROPPING amulet of guardian spirit.
 20982 | D:10     | 20982 ||| READING scroll labelled PEJOCR BOINA.
 20983 | D:10     | 20983 ||| READING 4 scrolls of identify.
 20983 | D:10     | 20983 ||| IDENTIFYING fuming golden potion
 20984 | D:10     | 20984 ||| DROPPING potion of ambrosia.
 21015 | D:11     | Found a large runed translucent door.
 21015 | D:11     | Found a large runed translucent door.
 21029 | D:11     | 21029 ||| DROPPING +2 flail of protection.
 21043 | D:11     | 21043 ||| INVOKING Brothers in Arms.
 21047 | D:11     | 21047 ||| INVOKING Berserk.
 21185 | D:11     | Identified the +2 ring mail of Rotation {SInv Stlth+}
 21253 | D:11     | 21253 ||| Stepping ~*~*~tactically~*~*~ (hiding).
 21311 | D:11     | 21311 ||| Stepping ~*~*~tactically~*~*~ (stealth).
 21317 | D:11     | 21317 ||| Stepping ~*~*~tactically~*~*~ (stealth).
 21328 | D:11     | 21328 ||| Stepping ~*~*~tactically~*~*~ (stealth).
 21582 | D:11     | Received a gift from Trog
 21849 | D:11     | 21849 ||| PLANNING D
 21849 | D:11     | 21849 ||| DROPPING amulet of regeneration.
 21861 | D:12     | Noticed Kirke
 21862 | D:12     | 21862 ||| INVOKING Trog's Hand.
 21863 | D:12     | 21863 ||| INVOKING Brothers in Arms.
 21866 | D:12     | Reached skill level 18 in Fighting
 21868 | D:12     | 21868 ||| INVOKING Berserk.
 21870 | D:12     | Killed Kirke
 22005 | D:12     | 22005 ||| Stepping ~*~*~tactically~*~*~ (stealth).
 22040 | D:12     | 22040 ||| Stepping ~*~*~tactically~*~*~ (stealth).
 22042 | D:12     | 22042 ||| Stepping ~*~*~tactically~*~*~ (stealth).
 22043 | D:12     | 22043 ||| Stepping ~*~*~tactically~*~*~ (stealth).
 22130 | D:12     | 22130 ||| READING 5 scrolls of teleportation.
 22133 | D:12     | 22133 ||| INVOKING Trog's Hand.
 22145 | D:12     | Reached skill level 15 in Armour
 22172 | D:12     | 22172 ||| Stepping ~*~*~tactically~*~*~ (stealth).
 22197 | D:12     | 22197 ||| Stepping ~*~*~tactically~*~*~ (hiding).
 22213 | D:12     | Noticed Erolcha
 22214 | D:12     | 22214 ||| INVOKING Trog's Hand.
 22222 | D:12     | Killed Erolcha
 22225 | D:12     | 22225 ||| INVOKING Brothers in Arms.
 22226 | D:12     | 22226 ||| INVOKING Brothers in Arms.
 22229 | D:12     | 22229 ||| SWAPPING to +0 morningstar.
 22231 | D:12     | 22231 ||| INVOKING Berserk.
 22240 | D:12     | 22240 ||| SWAPPING to +1 vorpal broad axe.
 22591 | D:12     | 22591 ||| INVOKING Berserk.
 22625 | D:12     | 22625 ||| FLEEEEING.
 22626 | D:12     | 22626 ||| STAIRDANCE
 22770 | D:11     | 22770 ||| DROPPING ring of willpower.
 22771 | D:11     | 22771 ||| DROPPING +6 ring of intelligence.
 22852 | D:12     | 22852 ||| Stepping ~*~*~tactically~*~*~ (stealth).
 22854 | D:12     | 22854 ||| Stepping ~*~*~tactically~*~*~ (hiding).
 22857 | D:12     | 22857 ||| INVOKING Berserk.
 22863 | D:12     | Reached skill level 19 in Fighting
 23186 | D:12     | 23186 ||| Stepping ~*~*~tactically~*~*~ (stealth).
 23205 | D:12     | 23205 ||| Stepping ~*~*~tactically~*~*~ (hiding).
 23206 | D:12     | 23206 ||| Stepping ~*~*~tactically~*~*~ (hiding).
 23208 | D:12     | 23208 ||| Stepping ~*~*~tactically~*~*~ (hiding).
 23487 | D:13     | 23487 ||| Stepping ~*~*~tactically~*~*~ (hiding).
 23612 | D:13     | 23612 ||| INVOKING Berserk.
 23827 | D:13     | Found a gate to the Vaults.
 23829 | D:13     | 23829 ||| INVOKING Brothers in Arms.
 23830 | D:13     | 23830 ||| SWAPPING to +0 morningstar.
 23831 | D:13     | 23831 ||| INVOKING Berserk.
 23851 | D:13     | 23851 ||| Stepping ~*~*~tactically~*~*~ (outnumbered).
 23853 | D:13     | 23853 ||| Stepping ~*~*~tactically~*~*~ (outnumbered).
 23856 | D:13     | HP: 24/146 [vault guard/+0 great sword (22)]
 23857 | D:13     | 23857 ||| READING 4 scrolls of teleportation.
 23857 | D:13     | HP: 7/146 [eight-headed hydra (10)]
 23857 | D:13     | Slain by an eight-headed hydra

Levels and vault maps discovered:
D:1:      mrwooster_arrival_arrow, layout_loops_corners, corexii_hall_statues_s,
          minmay_box_of_dots
D:2:      wad_lake_hut, layout_loops_ring, basic_altar
D:3:      layout_loops_corners, vehumet_statue,
          chequers_ecumenical_altar_simple_redux, minmay_misc_feat_diagonals,
          kennysheep_small_spiral
D:4:      layout_cave_pools
D:5:      layout_cave_pools, minmay_temple_entry_junction, serial_shops, shop,
          nicolae_shop_hallway_plus
D:6:      layout_loops_cross, grunt_potential, uniq_duvessa
D:7:      layout_cave_pods, gammafunk_ghost_abyssal_escape
D:8:      layout_loops_cross, mainiacjoe_overflow_catwalk, erik_lair_island,
          uniq_erica
D:9:      layout_gridville, hiddenorc2_lemuel, gammafunk_ghost_stat_death,
          uniq_maggie, uniq_pikel
D:10:     layout_roguey, kennysheep_mini_moat, old_standard_altar, serial_shops,
          nicolae_shop_advertising_works [nicolae_subvault_shop_adworks],
          roderic_lattice_a, nicolae_eternal_life, hangedman_minor_magic,
          uniq_psyche
D:11:     layout_loops_ring, lightli_elemental_guards
D:12:     layout_rooms, minivault_4, minmay_shattered_shrine, uniq_kirke,
          uniq_erolcha
D:13:     layout_roguey, lightli_vaults_fourway_checkpoint
Lair:1:   layout_cave_pods, grunt_megastairs_3
Lair:2:   layout_layer_cave, nicolae_spider_entry_non_spiders
Lair:3:   dreamdust_labyrinth, layout_cave_pods, minmay_swamp_entry_swarm,
          enter_volcano_3, grunt_forest_small_clearing_treed, lemuel_fruit_tree
Lair:4:   layout_misc_corridors, minmay_slime_entry_oklob_open, basic_altar,
          nzn_random_ring, lemuel_fruit_fields
Lair:5:   cheibrodos_lair_end_hotspot, layout_long_grid,
          grunt_forest_large_clearings, uniq_rupert

Skill      XL: |  1  2  3  4  5  6  7  8  9 10 11 12 13 14 |
---------------+-------------------------------------------+-----
Axes           | 4 5 6 8 10 12 14 16 17 18 | 18.0
Throwing       | 1 2 3 4 |  4.3
Fighting       | 4 5 6 8 10 13 16 17 19 | 19.0
Armour         | 4 5 6 7 10 12 14 16 | 16.0
Dodging        | 3 4 6 8 |  8.0

Action                   |  1- 3 |  4- 6 |  7- 9 | 10-12 | 13-15 || total
-------------------------+-------+-------+-------+-------+-------++-------
Melee: Hand axe          |    82 |    90 |    91 |       |       ||   263
       Headbutt          |    14 |    15 |    33 |    83 |   141 ||   286
       Punch             |     1 |     1 |     1 |     4 |     6 ||    13
       War axe           |       |       |    97 |   292 |   149 ||   538
       Flail             |       |       |       |    35 |     7 ||    42
       Broad axe         |       |       |       |       |   404 ||   404
       Morningstar       |       |       |       |       |    29 ||    29
Throw: Boomerang         |     7 |    13 |    26 |    66 |    48 ||   160
       Javelin           |       |    38 |    29 |    15 |       ||    82
Invok: Berserk           |     2 |     3 |    14 |    21 |    16 ||    56
       Brothers in Arms  |       |       |       |     4 |     6 ||    10
       Trog's Hand       |       |       |       |       |     5 ||     5
  Use: Scroll            |     8 |     2 |    14 |     5 |    11 ||    40
       Potion            |       |     2 |     1 |       |     4 ||     7
 Stab: Distracted        |       |       |       |       |     1 ||     1
Armor: Animal skin       |     9 |       |       |       |       ||     9
       Leather armour    |     5 |       |       |       |       ||     5
       Chain mail        |       |    31 |       |       |       ||    31
       Plate armour      |       |     6 |    96 |   144 |   337 ||   583
Dodge: Dodged            |    30 |    26 |    61 |    91 |   256 ||   464
       Repelled          |       |     1 |       |       |    14 ||    15
Block: Other             |       |       |       |       |    32 ||    32
       Reflection        |       |       |       |       |     2 ||     2

Table legend:
 A = Non-vault XP
 B = Vault XP
 C = Vault XP percentage of total XP
 D = Non-vault monster count
 E = Vault monster count
 F = Vault count percentage of total count
                 A         B        C        D         E       F
            +---------+---------+-------+---------+---------+-------
      Total |   61145 |   40241 |  39.7 |     398 |     202 |  33.7
            +---------+---------+-------+---------+---------+-------
        D:1 |      40 |       6 |  13.0 |      25 |       4 |  13.8
        D:2 |      35 |       0 |   0.0 |      12 |       0 |   0.0
        D:3 |     147 |      32 |  17.9 |      27 |       1 |   3.6
        D:4 |     355 |       0 |   0.0 |      24 |       0 |   0.0
        D:5 |     771 |       0 |   0.0 |      28 |       0 |   0.0
        D:6 |     887 |    1041 |  54.0 |      15 |      17 |  53.1
        D:7 |    1471 |       0 |   0.0 |      33 |       0 |   0.0
        D:8 |    1418 |    1543 |  52.1 |      24 |       9 |  27.3
        D:9 |    1972 |    1444 |  42.3 |      21 |      34 |  61.8
       D:10 |     999 |    1902 |  65.6 |      15 |      16 |  51.6
       D:11 |    3873 |       0 |   0.0 |      17 |       0 |   0.0
       D:12 |   11494 |    8832 |  43.5 |      33 |      17 |  34.0
       D:13 |    3231 |    3427 |  51.5 |       5 |       5 |  50.0
     Lair:1 |    4091 |    1956 |  32.3 |      13 |      10 |  43.5
     Lair:2 |    6895 |     422 |   5.8 |      32 |       8 |  20.0
     Lair:3 |    8268 |     829 |   9.1 |      31 |       5 |  13.9
     Lair:4 |    4615 |    5965 |  56.4 |      13 |      17 |  56.7
     Lair:5 |   10583 |   12842 |  54.8 |      30 |      59 |  66.3
            +---------+---------+-------+---------+---------+-------
